 Dungeon Crawl Stone Soup version 0.31-a0-851-g7ff8af7976 (webtiles) character file.

Game seed: 8878657067355983064

56 rageheart7 the Trooper (level 3, 0/60 HPs)
             Began as an Ogre Gladiator on Oct 5, 2023.
             Slain by a quokka (2 damage)
             ... on level 2 of the Dungeon.
             The game lasted 00:01:26 (996 turns).

rageheart7 the Trooper (Ogre Gladiator)              Turns: 996, Time: 00:01:26

Health: 0/60       AC:  3    Str: 20    XL:     3   Next: 95%
Magic:  3/3        EV: 10    Int:  9    God:
Gold:   115        SH:  0    Dex: 10    Spells: 2/2 levels left

rFire   . . .        a - +0 flail
rCold   . . .        (no shield)
rNeg    . . .        b - +0 robe
rPois   .            c - +0 hat
rElec   .            (no cloak)
rCorr   +            (gloves unavailable)
SInv    .            (boots unavailable)
Will    .....        (no amulet) Stlth
                     j - ring of resist corrosion
HPRegen 0.30/turn    (no ring)
MPRegen 0.08/turn

%: no passive effects
@: berserking, lethally poisoned (0 -> -11), very quick
A: large, unfitting armour, tough skin 1
a: no special abilities


You were on level 2 of the Dungeon.
You visited 1 branch of the dungeon, and saw 2 of its levels.

You collected 115 gold pieces.

Inventory:

Hand Weapons
 a - a +0 flail (weapon)
Missiles
 d - 3 throwing nets (quivered)
 e - a large rock
Armour
 b - a +0 robe (worn)
 c - a +0 hat (worn)
Jewellery
 j - a ring of resist corrosion (left hand)
 m - an amulet of magic regeneration
Scrolls
 n - a scroll of immolation {unknown}
Potions
 f - a potion of cancellation {unknown}
 h - 3 potions of might
 o - a potion of curing {unknown}


   Skills:
 * Level 4.3 Fighting
 * Level 3.5 Maces & Flails
 - Level 2.0 Throwing
 - Level 2.6 Dodging


You had 2 spell levels left.
You didn't know any spells.
Your spell library was empty.

Dungeon Overview and Level Annotations

Branches:
Dungeon (2/15)

Altars:


Innate Abilities, Weirdness & Mutations

You are too large for most types of armour.
You have tough skin. (AC +1)


Message History

The quokka is severely wounded.
You feel sick. The quokka closely misses you.
The kobold hits you but does no damage.
You are more poisoned.
The quokka barely misses you.
You miss the quokka.
The quokka is severely wounded.
You feel very sick.
The kobold hits you with a +0 dagger of venom.
You are lethally poisoned!
The quokka misses you. The kobold hits you but does no damage.
You are more poisoned.
A red film seems to cover your vision as you go berserk!
You feel yourself moving faster!
You feel mighty!
You feel very sick.
The quokka bites you but does no damage.
The kobold hits you but does no damage.
You are more poisoned.
You closely miss the kobold.
* * * LOW HITPOINT WARNING * * *
You feel very sick. The quokka barely misses you.
You miss the kobold.
* * * LOW HITPOINT WARNING * * *
You feel very sick.
The quokka bites you but does no damage.
The kobold hits you with a +0 dagger of venom.
* * * LOW HITPOINT WARNING * * *
You sock the kobold!
You kill the kobold!
* * * LOW HITPOINT WARNING * * *
You feel very sick. The quokka bites you.
* * * LOW HITPOINT WARNING * * *
You closely miss the quokka.
The quokka is heavily wounded.
* * * LOW HITPOINT WARNING * * *
You feel very sick. The quokka bites you.
You die...

*^**,*,,,,,,,,,,* ##
*8*,,....$......*
.########^#.##..........*
...######.#.##..........*
.#.######.....,..$>....#*
.#.####.......,....(..#*
.#.......##.##*#.....#*
....§#####..####r....#
.#..§.####.####(@)...#
.#.##§.†...#.....$!###
.#)#####..##..$.$..#
.........$.....$$.##
.~~~~.~~~≈~.......#
.~≈~~.≈~≈≈~.......#
.~≈≈≈.≈≈≈≈~..##...#
.≈≈≈~.~~~~≈..##..##
.~~≈~........###.##


You could see a quokka.

Vanquished Creatures
  A worm (D:2)
  3 dart slugs
  3 bats
  4 endoplasms (D:1)
  A giant cockroach (D:2)
  5 hobgoblins
  3 jackals (D:1)
  2 quokkas (D:1)
  3 ball pythons
  3 frilled lizards
  8 goblins
  3 kobolds
  2 rats (D:1)
41 creatures vanquished.

Notes
Turn   | Place    | Note
-------+----------+-------------------------------------------
     0 | D:1      | rageheart7 the Ogre Gladiator began the quest for the Orb.
     0 | D:1      | Reached XP level 1. HP: 22/22 MP: 1/1
   101 | D:1      | Reached skill level 3 in Fighting
   107 | D:1      | Reached XP level 2. HP: 26/31 MP: 2/2
   286 | D:1      | Reached XP level 3. HP: 39/39 MP: 3/3
   458 | D:1      | Reached skill level 4 in Fighting
   996 | D:2      | HP: 2/60 [poisoned by a kobold]
   996 | D:2      | Slain by a quokka

Illustrated notes

Levels and vault maps discovered:
D:1:      elethiomel_arrival_maze, layout_loops_ring
D:2:      layout_rooms, dreamdust_wishing_well, ebering_dispersal_statue_hall,
          minivault_14

Skill      XL: |  1  2  3 |
---------------+----------+-----
Fighting       | 3 4 |  4.3
Maces & Flails | 3 |  3.5
Throwing       | |  2.0
Dodging        | |  2.6

Action                     || total
---------------------------++-------
  Melee: Flail             ||    97
    Use: Scroll            ||     5
         Potion            ||     1
   Stab: Sleeping          ||     2
 Armour: Robe              ||    65
  Dodge: Dodged            ||    65

Table legend: (Time is in decaauts)
 A = Elapsed time spent in this place.
 B = Non-inter-level travel time spent in this place.
 C = Inter-level travel time spent in this place.
 D = Time resting spent in this place.
 E = Time spent auto-exploring this place.
 F = Levels seen in this place.
 G = Mean time per level.
                   A        B        C        D        E       F      G
               +--------+--------+--------+--------+--------+-----+--------+
         Total |   1016 |    961 |     55 |      0 |    722 |   2 |  508.0 |
       Dungeon |   1016 |    961 |     55 |      0 |    722 |   2 |  508.0 |
               +--------+--------+--------+--------+--------+-----+--------+

Top non-repeatable levels by time:
     D:1: 911 daAuts
     D:2: 105 daAuts
